 Dungeon Crawl Stone Soup version 0.29.1-13-g9f3cf754e1 (webtiles) character file.

Game seed: 2490668241734873700

73 sircluck the Chopper (level 4, -5/60 HPs)
             Began as a Hill Orc Fighter on Jan 25, 2023.
             Slain by a gnoll
             ... wielding a +0 halberd
              (13 damage)
             ... on level 3 of the Dungeon.
             The game lasted 00:05:42 (2162 turns).

sircluck the Chopper (Hill Orc Fighter)             Turns: 2162, Time: 00:05:43

Health: -5/60      AC:  7    Str: 20    XL:     4   Next: 27%
Magic:  4/4        EV:  9    Int:  8    God:
Gold:   103        SH:  4    Dex: 10    Spells: 3/3 levels left

rFire   . . .      SeeInvis .   a - +0 war axe
rCold   . . .      Faith    .   c - +0 buckler
rNeg    . . .      Spirit   .   b - +0 scale mail
rPois   .          Reflect  .   (no helmet)
rElec   .          Harm     .   (no cloak)
rCorr   .          Rampage  .   (no gloves)
Will    .....                   (no boots)
Stlth   ..........              (no amulet)
HPRegen 0.20/turn               (no ring)
MPRegen 0.09/turn               (no ring)

@: berserking, very quick
A: no striking features
a: no special abilities


You were on level 3 of the Dungeon.
You visited 1 branch of the dungeon, and saw 3 of its levels.

You collected 103 gold pieces.

Inventory:

Hand Weapons
 a - a +0 war axe (weapon)
Missiles
 e - 14 stones (quivered)
 r - 3 poisoned darts
Armour
 b - a +0 scale mail (worn)
 c - a +0 buckler (worn)
 i - a +0 barding
Jewellery
 f - a ring of see invisible
Scrolls
 g - a scroll of noise {unknown}
 k - a scroll of acquirement {unknown}
 l - 3 scrolls of identify {unknown}
 n - 3 scrolls of fear {unknown}
 p - 2 scrolls of blinking {unknown}
Potions
 d - a potion of might
 j - 3 potions of heal wounds {unknown}
 o - a potion of magic {unknown}
 q - a potion of resistance {unknown}


   Skills:
 + Level 4.0 Fighting
 + Level 4.4 Axes
 + Level 3.7 Armour
 + Level 0.6 Dodging
 + Level 3.5 Shields


You had 3 spell levels left.
You didn't know any spells.
Your spell library contained the following spells:

 Spells                   Type           Power      Damage    Failure   Level
 Foxfire                  Conj/Fire      0%         2x1d4     85%         1
 Shock                    Conj/Air       0%         1d3       85%         1
 Conjure Flame            Conj/Fire      0%         6-21      99%         3
 Inner Flame              Hex/Fire       0%         N/A       99%         3
 Swiftness                Air            0%         N/A       99%         3
 Airstrike                Air            0%         2d(0-16)  100%        4
 Flame Wave               Conj/Fire      0%         2d4       100%        4


Dungeon Overview and Level Annotations

Branches:
Dungeon (3/15)

Altars:

Shops:
D:3 [


Message History

A gnoll comes into view. It is wielding a +0 halberd.
The kobold throws a poisoned dart.
You block the poisoned dart.
You feel sick.
The kobold throws a poisoned dart.
The poisoned dart misses you.
You feel sick.
You feel sick.
Found 26 gold pieces.
You feel sick.
You feel sick.
A hound comes into view.
You feel sick.
The hound barks!
The kobold throws a poisoned dart.
The poisoned dart hits you!
You are more poisoned.
You feel very sick. The hound attacks as you move away! The hound bites you.
You feel sick. The hound barely misses you.
You feel sick. The kobold barely misses you.
You hit the kobold.
You kill the kobold!
You barely miss the hound.
You feel sick. The hound bites you but does no damage.
The gnoll hits you from afar with a +0 halberd.
You block the hound's attack.
The gnoll hits you from afar with a +0 halberd!
* * * LOW HITPOINT WARNING * * *
It was a potion of curing.
You feel better. The hound bites you but does no damage.
The gnoll hits you from afar with a +0 halberd.
The hound closely misses you.
Unknown command.
You hit the hound but do no damage. The hound bites you.
* * * LOW HITPOINT WARNING * * *
The gnoll hits you from afar with a +0 halberd.
* * * LOW HITPOINT WARNING * * *
The hound bites you but does no damage.
It was a potion of berserk rage.
A red film seems to cover your vision as you go berserk!
You feel yourself moving faster!
You feel mighty! The hound bites you.
* * * LOW HITPOINT WARNING * * *
The gnoll hits you from afar with a +0 halberd!
You die...

#. ...$.....
.##........
....#$.. .....
#..# #..#
.#.####..#
.......h.#
)######@.# ...
#).# ......
....###g.# # ....#
.........##.##
....#
..K..........#
....##
.g..###..##.#####
#o. .. ... #..# #
#.# #.#... ##
#..## # #.###.#.#.
#..##.###.........


You could see a hound and a gnoll.

Vanquished Creatures
  An adder (D:2)
  A worm (D:2)
  5 dart slugs
  An orc (D:3)
  5 endoplasms
  2 giant cockroaches (D:1)
  4 goblins
  4 hobgoblins
  5 kobolds
  4 quokkas
  5 ball pythons
  2 bats (D:1)
  4 frilled lizards
  4 rats (D:1)
47 creatures vanquished.

Notes
Turn   | Place    | Note
-------+----------+-------------------------------------------
     0 | D:1      | sircluck the Hill Orc Fighter began the quest for the Orb.
     0 | D:1      | Reached XP level 1. HP: 19/19 MP: 1/1
   163 | D:1      | Reached XP level 2. HP: 23/27 MP: 2/2
   437 | D:1      | Reached XP level 3. HP: 31/33 MP: 3/3
   523 | D:1      | Found a faded altar of an unknown god.
  1425 | D:2      | Reached XP level 4. HP: 34/40 MP: 4/4
  2094 | D:3      | Found Risaast's Antique Armour Boutique.
  2162 | D:3      | Slain by a gnoll

Illustrated notes

Levels and vault maps discovered:
D:1:      amcnicky_arrival_choice, layout_basic,
          hellmonk_ecumenical_altar_leap_of_faith, minmay_pentomino_v4
D:2:      layout_loops_corners
D:3:      layout_basic, serial_shops, nicolae_shop_advertising_works
          [nicolae_subvault_shop_adworks], uniq_sigmund

Skill      XL: |  1  2  3 |
---------------+----------+-----
Axes           | 3 4 |  4.4
Fighting       | 4 |  4.0
Armour         | |  3.7
Dodging        | |  0.6
Shields        | |  3.5

Action                   |  1- 3 |  4- 6 || total
-------------------------+-------+-------++-------
Melee: War axe           |   101 |    27 ||   128
  Use: Potion            |       |     2 ||     2
Armor: Scale mail        |    53 |    19 ||    72
Dodge: Dodged            |    46 |    21 ||    67
Block: Buckler           |    26 |     7 ||    33
